 Dungeon Crawl Stone Soup version 0.23-a0-629-gae4348f6cf (webtiles) character file.

155 Napalmbreeze the Gusty (level 5, -2/28 HPs)
             Began as a Tengu Air Elementalist on Dec 25, 2018.
             Slain by a bullfrog (4 damage)
             ... on level 3 of the Dungeon.
             The game lasted 00:06:54 (3030 turns).

Napalmbreeze the Gusty (Tengu Air Elementalist)     Turns: 3030, Time: 00:06:55

Health: -2/28      AC:  2    Str:  8    XL:     5   Next: 37%
Magic:  1/10       EV: 13    Int: 16    God:
Gold:   111        SH:  0    Dex: 15    Spells: 6/10 levels left

rFire    . . .     SeeInvis .   f - +0 short sword (speed)
rCold    . . .     Gourm    .   (no shield)
rNeg     . . .     Faith    .   a - +0 robe
rPois    .         Spirit   .   (helmet restricted)
rElec    .         Reflect  .   (no cloak)
rCorr    .         Harm     .   (no gloves)
MR       .....                  (boots unavailable)
Stlth    ++........             (no amulet)
HPRegen  0.09/turn              (no ring)
MPRegen  0.12/turn              (no ring)

@: no status effects
A: beak, talons 3, able to fly 1
a: Fly


You were on level 3 of the Dungeon.
You were not hungry.

You visited 1 branch of the dungeon, and saw 3 of its levels.

You collected 111 gold pieces.

Inventory:

Hand Weapons
 f - a +0 short sword of speed (weapon)
Missiles
 k - a throwing net (quivered)
Armour
 a - a +0 robe (worn)
Scrolls
 b - 4 scrolls of identify {unknown}
 e - 3 scrolls of remove curse {unknown}
 g - a scroll of fog {unknown}
 h - 3 scrolls of teleportation {unknown}
 n - a scroll of random uselessness {unknown}
 o - a scroll of blinking {unknown}
Potions
 d - a potion of brilliance {unknown}
 j - a potion of curing {unknown}
 l - a potion of invisibility {unknown}
 m - a potion of degeneration {unknown}
Comestibles
 c - 10 rations
 i - 3 chunks of flesh


   Skills:
 - Level 2.1 Dodging
 - Level 2.0 Stealth
 + Level 3.0 Spellcasting
 * Level 4.8 Conjurations
 + Level 5.2 Air Magic


You had 6 spell levels left.
You knew the following spells:

 Your Spells              Type           Power        Failure   Level  Hunger
a - Shock                 Conj/Air       ###.         2%          1    #......
f - Static Discharge      Conj/Air       ###.....     7%          3    ###....

Your spell library contained the following spells:

 Spells                   Type           Power        Failure   Level  Hunger
 Swiftness                Chrm/Air       ##......     10%         2    ##.....
 Airstrike                Air            ###.......   22%         4    #####..
 Lightning Bolt           Conj/Air       ###.......   54%         5    ######.


Dungeon Overview and Level Annotations

Branches:
Dungeon (3/15)

Altars:
Elyvilon
Fedhas
Hepliaklqana
Makhleb
Okawaru
Uskayaw


Innate Abilities, Weirdness & Mutations

You have a beak for a mouth.
You have claws for feet.
You can fly.


Message History

Here: a bullfrog (heavily wounded)
The floor.
You aren't carrying any items that you can evoke.
Unknown command.
Casting: Shock (safe; 2% risk of failure)
Confirm with . or Enter, or press ? or * to list all spells.
Aiming: Shock (safe; 2% risk of failure)
Press: ? - help, Shift-Dir - straight line, f/p - bullfrog
Aim: a bullfrog (heavily wounded)
The zap misses the bullfrog.
The bullfrog hits you but does no damage.
Casting: Shock (safe; 2% risk of failure)
Confirm with . or Enter, or press ? or * to list all spells.
Aiming: Shock (safe; 2% risk of failure)
Press: ? - help, Shift-Dir - straight line, f/p - bullfrog
Aim: a bullfrog (heavily wounded)
The zap hits the bullfrog.
The bullfrog is severely wounded.
The bullfrog barely misses you. The bullfrog hits you.
You die...

# #.#.###............##
####.#..#..............#
..#..##................#
#...####....รท..(.......#
##.....##..............#
##.##.....(...........#
#.#####.............##
#.# ###..........## #.#
##...#@##### # #.#
#...#F# ... . ..#
###...#.##..... . ..
............... .
..#...#......(. $.
#........._..##
###.#.#...8.?#
#..#....._.(# #.. #
.......#


You could see a bullfrog.

Vanquished Creatures
  5 gnolls
  2 adders (D:2)
  2 oozes (D:1)
  2 adder skeletons
  2 dart slugs (D:2)
  3 leopard geckos
  3 orcs (D:3)
  A ball python (D:1)
  6 bats
  5 giant cockroaches (D:1)
  4 goblins
  4 hobgoblins
  7 jackals
  5 kobolds (D:1)
  7 frilled lizards
  6 rats
64 creatures vanquished.

Notes
Turn   | Place    | Note
-------+----------+-------------------------------------------
     0 | D:1      | Napalmbreeze the Tengu Air Elementalist began the quest for
                  | the Orb.
     0 | D:1      | Reached XP level 1. HP: 10/10 MP: 4/4
    71 | D:1      | Reached XP level 2. HP: 15/15 MP: 1/6
   518 | D:1      | Reached XP level 3. HP: 19/19 MP: 4/7
  1612 | D:2      | Reached XP level 4. HP: 20/24 MP: 2/8
  2033 | D:2      | Learned a level 3 spell: Static Discharge
  2358 | D:2      | Reached skill level 5 in Air Magic
  2437 | D:2      | Found a hide-covered altar of Uskayaw.
  2437 | D:2      | Noticed a +0 dagger
  2438 | D:2      | Noticed a +0 dagger
  2496 | D:2      | Gained mutation: You can fly. [Tengu growth]
  2496 | D:2      | Reached XP level 5. HP: 21/28 MP: 0/10
  2596 | D:2      | Found a white marble altar of Elyvilon.
  2673 | D:2      | Found a hazy altar of Hepliaklqana.
  2876 | D:3      | Found a blossoming altar of Fedhas.
  3011 | D:3      | Found an iron altar of Okawaru.
  3012 | D:3      | Found a burning altar of Makhleb.
  3030 | D:3      | Slain by a bullfrog

Vault maps used:
D:1:      erik_arrival_gehennom
D:2:      old_standard_altar, elyvilon_altar_5, dancing_weapons_uskayaw,
          first_ration
D:3:      chequers_temple_overflow_statue_of_worship, fedhas_altar_1,
          uniq_jessica

Skill      XL: |  1  2  3  4  5 |
---------------+----------------+-----
Conjurations   | 2 3 4 |  4.8
Air Magic      | 5 |  5.2
Spellcasting   | 3 |  3.0
Dodging        | |  2.1
Stealth        | |  2.0

Action                   |  1- 3 |  4- 6 || total
-------------------------+-------+-------++-------
Melee: Club              |     4 |       ||     4
       Peck              |     3 |     6 ||     9
       Kick              |     3 |     6 ||     9
       Short sword       |     4 |    25 ||    29
 Cast: Shock             |    60 |    66 ||   126
 Stab: Sleeping          |     1 |       ||     1
  Eat: Chunk             |     3 |     5 ||     8
Armor: Robe              |     6 |     7 ||    13
Dodge: Dodged            |    14 |    17 ||    31

Table legend:
 A = Non-vault XP
 B = Vault XP
 C = Vault XP percentage of total XP
 D = Non-vault monster count
 E = Vault monster count
 F = Vault count percentage of total count
                 A         B        C        D         E       F
            +---------+---------+-------+---------+---------+-------
      Total |     203 |      19 |   8.6 |      59 |       5 |   7.8
            +---------+---------+-------+---------+---------+-------
        D:1 |      36 |      19 |  34.5 |      22 |       5 |  18.5
        D:2 |     130 |       0 |   0.0 |      26 |       0 |   0.0
        D:3 |      37 |       0 |   0.0 |      11 |       0 |   0.0
            +---------+---------+-------+---------+---------+-------
